[ AOE2 MATCH · #483574135 ]
Team RMPortuguese vs Italians
[ REPLAY ANALYSIS · EXTRACTED FROM THE RECORDED GAME ]
Feudal
14:43
Castle
20:08
Imperial
—
| APM avg | 21.2 |
| APM peak | 40 |
| eAPM avg | 10.7 |
| Villagers / military | 29 / 3 |
Focus
⚔️ 19.8% · 🌾 80.2%
Organ Gun ×3
Feudal
—
Castle
—
Imperial
—
| APM avg | 14.5 |
| APM peak | 49 |
| eAPM avg | 8.6 |
| Villagers / military | 37 / 5 |
Focus
⚔️ 24.0% · 🌾 76.0%
Fishing Ship ×8 · Unknown (2550) ×7 · Battering Ram ×4 · Mangonel ×1
Feudal
13:24
Castle
—
Imperial
—
| APM avg | 17.8 |
| APM peak | 31 |
| eAPM avg | 11.3 |
| Villagers / military | 44 / 4 |
Focus
⚔️ 11.1% · 🌾 88.9%
Fishing Ship ×8 · Militia ×2 · Archer ×1 · Skirmisher ×1
Feudal
12:45
Castle
18:12
Imperial
—
| APM avg | 36.4 |
| APM peak | 83 |
| eAPM avg | 15.4 |
| Villagers / military | 34 / 2 |
Focus
⚔️ 4.2% · 🌾 95.8%
Fishing Ship ×5 · Mangonel ×2
Match map
Initial resources + every placement click. Lines = walls · curves = elevation contours. ◆ gold · ⬟ stone · ● berries · ✦ relic · ◌ wall gap
Your base· Open — unwalled flank
Matzenudler's base· Open — 13t gap
GuigoS9's base· Open — unwalled flank
Heinssen's base· Open — 11t gap
Smoothed initial terrain · ◌ = detected wall gap · hover for details
Inputs per minute
— fs19mehmet - - Matzenudler
Build order — fs19mehmet
53 actions detected in the replay
| 0:48 | Build | Town Center |
| 1:35 | Build | House |
| 2:33 | Build | House |
| 2:35 | Build | House |
| 2:55 | Create | Villager (Male) |
| 2:55 | Create | Villager (Male) |
| 2:56 | Create | Villager (Male) |
| 2:56 | Create | Villager (Male) |
| 2:56 | Create | Villager (Male) |
| 4:01 | Create | Villager (Male) |
| 4:01 | Create | Villager (Male) |
| 4:49 | Create | Villager (Male) |
| 5:09 | Create | Villager (Male) |
| 5:34 | Build | Mill |
| 5:45 | Create | Villager (Male) |
| 5:46 | Create | Villager (Male) |
| 6:53 | Create | Villager (Male) |
| 6:55 | Create | Villager (Male) |
| 7:36 | Create | Villager (Male) |
| 8:06 | Create | Villager (Male) |
| 8:39 | Create | Villager (Male) |
| 9:06 | Create | Villager (Male) |
| 9:15 | Build | House |
| 9:16 | Build | House |
| 9:31 | Create | Villager (Male) |
| 9:58 | Create | Villager (Male) |
| 10:10 | Create | Villager (Male) |
| 10:44 | Research | Loom |
| 11:08 | Create | Villager (Male) |
| 11:26 | Build | Mining Camp |
| 12:02 | Build | Lumber Camp |
| 12:08 | Create | Villager (Male) |
| 12:22 | Research | Feudal Age |
| 14:43 | Age | Feudal Age |
| 14:48 | Build | Blacksmith |
| 14:53 | Build | Market |
| 14:57 | Build | House |
| 15:02 | Build | House |
| 15:03 | Create | Villager (Male) |
| 15:06 | Create | Villager (Male) |
| 15:42 | Create | Villager (Male) |
| 16:48 | Create | Villager (Male) |
| 17:28 | Research | Castle Age |
| 18:56 | Build | Outpost |
| 19:31 | Research | Fletching |
| 20:08 | Age | Castle Age |
| 20:22 | Build | Castle |
| 21:14 | Create | Organ Gun |
| 21:59 | Create | Organ Gun |
| 22:20 | Create | Organ Gun |
| 23:45 | Create | Villager (Male) |
| 23:46 | Create | Villager (Male) |
| 23:46 | Create | Villager (Male) |
Build order — Matzenudler
87 actions detected in the replay
| 0:10 | Build | Town Center |
| 0:21 | Build | House |
| 0:26 | Build | House |
| 1:55 | Build | Dock |
| 2:26 | Create | Villager (Male) |
| 2:27 | Create | Villager (Male) |
| 2:27 | Create | Villager (Male) |
| 2:27 | Create | Villager (Male) |
| 3:54 | Create | Fishing Ship |
| 4:08 | Research | Loom |
| 4:24 | Create | Villager (Male) |
| 4:40 | Create | Fishing Ship |
| 5:12 | Create | Villager (Male) |
| 5:12 | Create | Villager (Male) |
| 5:33 | Create | Fishing Ship |
| 5:34 | Create | Fishing Ship |
| 5:42 | Create | Villager (Male) |
| 5:42 | Create | Villager (Male) |
| 6:00 | Create | Villager (Male) |
| 6:27 | Create | Fishing Ship |
| 6:41 | Create | Villager (Male) |
| 6:42 | Create | Villager (Male) |
| 7:03 | Build | House |
| 7:11 | Create | Villager (Male) |
| 7:22 | Create | Villager (Male) |
| 7:22 | Create | Villager (Male) |
| 7:22 | Create | Villager (Male) |
| 7:23 | Create | Villager (Male) |
| 7:48 | Create | Fishing Ship |
| 8:03 | Create | Villager (Male) |
| 8:03 | Create | Villager (Male) |
| 8:03 | Create | Villager (Male) |
| 8:25 | Create | Villager (Male) |
| 8:25 | Create | Villager (Male) |
| 8:26 | Create | Villager (Male) |
| 9:07 | Create | Fishing Ship |
| 9:16 | Create | Villager (Male) |
| 10:16 | Build | Settlement |
| 10:34 | Create | Villager (Male) |
| 11:10 | Build | Settlement |
| 11:16 | Research | Feudal Age |
| 11:56 | Build | House |
| 12:00 | Build | House |
| 12:32 | Build | Barracks |
| 12:38 | Create | Villager (Male) |
| 12:38 | Create | Villager (Male) |
| 12:38 | Create | Villager (Male) |
| 13:11 | Create | Unit 2550 |
| 13:30 | Build | Blacksmith |
| 13:45 | Research | Tech 906 |
| 14:39 | Create | Villager (Male) |
| 14:46 | Build | Market |
| 15:12 | Create | Villager (Male) |
| 15:21 | Research | Double-Bit Axe |
| 16:01 | Research | Castle Age |
| 16:11 | Create | Unit 2550 |
| 16:12 | Create | Unit 2550 |
| 16:12 | Create | Unit 2550 |
| 16:34 | Create | Fishing Ship |
| 16:42 | Research | Horse Collar |
| 17:02 | Build | Farm |
| 17:03 | Build | Farm |
| 17:05 | Build | Farm |
| 17:10 | Create | Villager (Male) |
| 17:48 | Create | Unit 2550 |
| 17:49 | Create | Unit 2550 |
| 17:49 | Create | Unit 2550 |
| 18:43 | Build | Town Center |
| 18:55 | Build | Castle |
| 19:12 | Create | Villager (Male) |
| 19:12 | Create | Villager (Male) |
| 19:16 | Research | Fletching |
| 19:16 | Research | Scale Mail Armor |
| 20:19 | Create | Villager (Male) |
| 20:20 | Create | Villager (Male) |
| 20:50 | Build | Siege Workshop |
| 21:06 | Research | Bodkin Arrow |
| 21:34 | Create | Battering Ram |
| 21:55 | Create | Battering Ram |
| 21:55 | Create | Battering Ram |
| 22:03 | Create | Villager (Male) |
| 22:03 | Create | Villager (Male) |
| 22:25 | Create | Battering Ram |
| 23:08 | Create | Mangonel |
| 23:19 | Build | Castle |
| 23:25 | Research | Bow Saw |
| 23:44 | Build | Town Center |
Build order — GuigoS9
93 actions detected in the replay
| 0:28 | Build | Town Center |
| 1:49 | Build | House |
| 1:55 | Build | House |
| 1:59 | Build | Dock |
| 2:44 | Create | Villager (Male) |
| 2:44 | Create | Villager (Male) |
| 2:45 | Create | Villager (Male) |
| 2:45 | Create | Villager (Male) |
| 4:16 | Create | Fishing Ship |
| 4:51 | Create | Villager (Male) |
| 5:25 | Create | Villager (Male) |
| 5:48 | Create | Villager (Male) |
| 5:48 | Create | Villager (Male) |
| 5:58 | Create | Villager (Male) |
| 6:43 | Create | Villager (Male) |
| 7:02 | Create | Villager (Male) |
| 7:19 | Build | House |
| 7:31 | Create | Villager (Male) |
| 7:31 | Create | Villager (Male) |
| 7:31 | Create | Villager (Male) |
| 7:42 | Build | Mill |
| 8:06 | Create | Villager (Male) |
| 8:31 | Create | Fishing Ship |
| 8:40 | Build | House |
| 8:50 | Create | Villager (Male) |
| 8:52 | Create | Villager (Male) |
| 9:08 | Create | Villager (Male) |
| 9:12 | Create | Fishing Ship |
| 9:47 | Build | House |
| 9:48 | Build | House |
| 10:29 | Build | Mining Camp |
| 10:46 | Create | Villager (Male) |
| 11:14 | Research | Feudal Age |
| 11:43 | Build | Lumber Camp |
| 12:15 | Create | Fishing Ship |
| 12:44 | Create | Villager (Male) |
| 12:44 | Create | Villager (Male) |
| 12:45 | Create | Villager (Male) |
| 12:45 | Create | Villager (Male) |
| 13:24 | Age | Feudal Age |
| 13:34 | Build | Watch Tower |
| 13:46 | Research | Double-Bit Axe |
| 14:11 | Create | Villager (Male) |
| 14:39 | Build | Watch Tower |
| 14:50 | Build | Barracks |
| 15:19 | Build | Watch Tower |
| 15:37 | Create | Militia |
| 15:37 | Create | Militia |
| 15:49 | Create | Villager (Male) |
| 15:49 | Create | Villager (Male) |
| 16:09 | Create | Villager (Male) |
| 16:09 | Create | Villager (Male) |
| 16:25 | Build | Watch Tower |
| 16:37 | Create | Villager (Male) |
| 16:37 | Create | Villager (Male) |
| 16:42 | Build | House |
| 16:43 | Build | House |
| 17:17 | Build | Archery Range |
| 17:33 | Create | Villager (Male) |
| 17:34 | Create | Villager (Male) |
| 17:56 | Build | Market |
| 18:05 | Build | Watch Tower |
| 18:23 | Create | Villager (Male) |
| 18:23 | Create | Villager (Male) |
| 18:33 | Build | Farm |
| 18:36 | Create | Fishing Ship |
| 18:36 | Create | Fishing Ship |
| 18:37 | Create | Fishing Ship |
| 18:37 | Create | Fishing Ship |
| 19:02 | Create | Archer |
| 19:12 | Build | Watch Tower |
| 20:07 | Build | Watch Tower |
| 20:14 | Create | Villager (Male) |
| 20:14 | Create | Villager (Male) |
| 20:39 | Create | Skirmisher |
| 21:21 | Build | Town Center |
| 22:04 | Create | Villager (Male) |
| 22:04 | Create | Villager (Male) |
| 22:05 | Create | Villager (Male) |
| 22:05 | Create | Villager (Male) |
| 22:05 | Create | Villager (Male) |
| 22:36 | Research | Castle Age |
| 22:42 | Build | Farm |
| 22:43 | Build | Farm |
| 22:43 | Build | Farm |
| 22:43 | Build | Farm |
| 22:43 | Build | Farm |
| 22:44 | Build | Farm |
| 22:44 | Build | Farm |
| 22:44 | Build | Farm |
| 23:35 | Create | Villager (Male) |
| 23:35 | Create | Villager (Male) |
| 23:36 | Create | Villager (Male) |
Build order — Heinssen
67 actions detected in the replay
| 0:54 | Build | Town Center |
| 1:07 | Build | Dock |
| 1:09 | Build | House |
| 2:57 | Create | Villager (Male) ×4 |
| 3:52 | Build | House |
| 3:59 | Research | Loom |
| 4:21 | Create | Fishing Ship |
| 4:56 | Create | Fishing Ship |
| 5:28 | Create | Villager (Male) |
| 5:43 | Create | Fishing Ship |
| 6:25 | Create | Villager (Male) |
| 6:33 | Create | Fishing Ship |
| 7:03 | Create | Villager (Male) |
| 7:05 | Create | Villager (Male) |
| 7:12 | Build | House |
| 7:37 | Create | Villager (Male) |
| 7:40 | Create | Fishing Ship |
| 7:52 | Create | Villager (Male) |
| 7:52 | Create | Villager (Male) |
| 8:16 | Create | Villager (Male) |
| 8:35 | Create | Villager (Male) |
| 8:48 | Build | Mill |
| 9:16 | Build | House |
| 9:24 | Create | Villager (Male) |
| 9:46 | Create | Villager (Male) |
| 10:25 | Research | Feudal Age |
| 10:44 | Create | Villager (Male) |
| 11:08 | Build | Mining Camp |
| 11:59 | Create | Villager (Male) |
| 11:59 | Create | Villager (Male) |
| 11:59 | Create | Villager (Male) |
| 12:01 | Create | Villager (Male) |
| 12:22 | Build | House |
| 12:45 | Age | Feudal Age |
| 12:58 | Build | Mining Camp |
| 13:32 | Build | Blacksmith |
| 14:16 | Create | Villager (Male) |
| 14:57 | Build | Market |
| 15:32 | Research | Castle Age |
| 16:11 | Build | House |
| 16:34 | Create | Villager (Male) |
| 16:34 | Create | Villager (Male) |
| 16:35 | Create | Villager (Male) |
| 16:54 | Create | Villager (Male) |
| 17:24 | Build | Barracks |
| 17:38 | Create | Villager (Male) |
| 18:12 | Age | Castle Age |
| 18:30 | Build | Castle |
| 18:37 | Build | Castle |
| 18:41 | Build | House |
| 18:50 | Build | Palisade Wall |
| 19:03 | Create | Villager (Male) |
| 20:22 | Build | House |
| 20:26 | Build | House |
| 20:29 | Build | House |
| 20:35 | Create | Villager (Male) |
| 20:36 | Create | Villager (Male) |
| 20:45 | Build | Town Center |
| 21:30 | Build | Siege Workshop |
| 21:34 | Create | Villager (Male) |
| 21:35 | Create | Villager (Male) |
| 21:40 | Create | Villager (Male) |
| 22:07 | Build | Lumber Camp |
| 22:12 | Create | Villager (Male) |
| 22:13 | Create | Villager (Male) |
| 22:40 | Create | Mangonel |
| 23:15 | Create | Mangonel |
Match timeline
| 1:07 | Heinssen · first_building Dock |
| 1:55 | Matzenudler · first_building Dock |
| 1:59 | GuigoS9 · first_building Dock |
| 12:32 | Matzenudler · first_building Barracks |
| 12:45 | Heinssen · age_up feudal |
| 13:24 | GuigoS9 · age_up feudal |
| 14:43 | fs19mehmet · age_up feudal |
| 14:50 | GuigoS9 · first_building Barracks |
| 17:17 | GuigoS9 · first_building Archery Range |
| 17:24 | Heinssen · first_building Barracks |
| 18:12 | Heinssen · age_up castle |
| 18:19 | Heinssen · first_market_buy 100 stone |
| 18:30 | Heinssen · first_building Castle |
| 18:50 | Heinssen · wall_segment Palisade Wall x1 |
| 18:55 | Matzenudler · first_building Castle |
| 20:08 | fs19mehmet · age_up castle |
| 20:17 | fs19mehmet · first_market_sell 100 food |
| 20:18 | fs19mehmet · first_market_buy 100 stone |
| 20:22 | fs19mehmet · first_building Castle |
| 20:50 | Matzenudler · first_building Siege Workshop |
| 21:30 | Heinssen · first_building Siege Workshop |
| 22:17 | GuigoS9 · first_market_sell 100 wood |
| 23:48 | Heinssen · resign |
[ AI ANALYSIS · 1 CREDIT ]
What really happened in this match?
Wolo.gg analyzes every decision: build order, eco, micro, common mistakes by bracket. Personalized analysis on WhatsApp or Discord in 30 seconds.
Civ guide
Portuguese
Map guide
Nomad
Perfil
Jugador #4715313